 Dungeon Crawl Stone Soup version 0.19.5 (webtiles) character file.

199 JeffiDaFish the Covered (level 5, -6/33 HPs)
             Began as a Gargoyle Fighter on Sept 19, 2017.
             Mangled by an ogre
             ... wielding a +0 giant club
              (21 damage)
             ... on level 4 of the Dungeon.
             The game lasted 00:04:03 (2040 turns).

JeffiDaFish the Covered (Gargoyle Fighter)          Turns: 2040, Time: 00:04:04

Health: -6/33      AC: 11    Str: 19    XL:     5   Next: 77%
Magic:  5/5        EV:  7    Int:  9    God:
Gold:   143        SH: 10    Dex: 10    Spells: 0 memorised, 4 levels left

rFire  . . .     SeeInvis .     a - +1 flail
rCold  . . .     Gourm    .     b - +0 scale mail
rNeg   + . .     Faith    .     c - +1 shield
rPois  ∞         Spirit   .     (no helmet)
rElec  +         Reflect  .     (no cloak)
rCorr  .         Harm     .     (no gloves)
MR     .....                    (no boots)
Stlth  ..........               (no amulet)
                                (no ring)
                                (no ring)

@: no status effects
A: negative energy resistance 1, electricity resistance, unbreathing,
petrification resistance, rot immunity, AC +4
a: no special abilities


You were on level 4 of the Dungeon.
You were not hungry.

You visited 1 branch of the dungeon, and saw 4 of its levels.

You collected 143 gold pieces.

Inventory:

Hand Weapons
 a - a +1 flail (weapon)
Armour
 b - a +0 scale mail (worn)
 c - a +1 shield (worn)
Scrolls
 e - 3 scrolls of teleportation
Potions
 d - 2 potions of might
 j - a potion of curing
Comestibles
 f - 4 bread rations
 g - 2 chunks of flesh
 h - 8 fruits
 i - a beef jerky
 k - a meat ration
 l - a slice of pizza


   Skills:
 + Level 3.8 Fighting
 + Level 4.0 Maces & Flails
 + Level 4.2 Armour
 + Level 1.0 Dodging
 + Level 0.2 Stealth
 + Level 4.1 Shields


You had 4 spell levels left.
You didn't know any spells.

Dungeon Overview and Level Annotations

Branches:
Dungeon (4/15)
 Temple: D:4-7

Altars:
Dithmenos
Kikubaaqudgha


Innate Abilities, Weirdness & Mutations

You are resistant to torment.
Your stone body is resilient. (AC +4)
You are immune to poison.
You resist negative energy. (rN+)
You are resistant to electric shocks. (rElec)
You can survive without breathing.
You are immune to petrification.
You are immune to rotting.


Message History

An ogre comes into view. It is wielding a giant club.
The ogre shouts!
You block the orc priest's attack.
You see here an orc corpse.
You sock the orc priest!
The orc priest is severely wounded.
You block the orc priest's attack.
You hit the orc priest.
The orc priest is almost dead.
The orc priest miscasts a cantrip.
The ogre hits you with a giant club! You block the orc priest's attack.
You thump the orc priest!
You kill the orc priest!
Your Maces & Flails skill increases to level 4!
The ogre hits you but does no damage.
You sock the ogre!
The ogre is heavily wounded.
The ogre hits you with a giant club!!
Ouch! That really hurt!
You die...

....*
*,,**,,,,,,,,,,,*
≈≈..*
*#.#*,,,,,,,,,,,*
≈≈..*
*..*,,,,,,,,,,,*
≈≈≈.**
*#.#,,,,,,,,,,,*
≈≈..,*
*.$#+#*********
...#,###****##.#.#
###*,#..,,,,,....#
# *,#.#******#O)#
##**,#.# #.@#
.#*,,#.#########)#
.#*,*#.##......#'##
.##,,#.##.........#
..#,,#.##.........#
#.#<,#.##.........#
#.#,,#.##.......>.#
#.#,,#..'.........#
#.#.#####......#+##


You could see an ogre.

Vanquished Creatures
  An orc priest (D:4)
  Ijyb (D:3)
  A worker ant (D:4)
  5 adders
  3 worms (D:2)
  A dart slug (D:2)
  3 orcs (D:4)
  A ball python (D:3)
  2 giant cockroaches
  8 goblins
  3 hobgoblins
  7 jackals
  A quokka (D:3)
  8 bats
  7 frilled lizards
  8 kobolds
  6 rats
66 creatures vanquished.

Notes
Turn   | Place    | Note
-------+----------+-------------------------------------------
     0 | D:1      | JeffiDaFish the Gargoyle Fighter began the quest for the Orb.
     0 | D:1      | Reached XP level 1. HP: 14/14 MP: 1/1
   185 | D:1      | Reached XP level 2. HP: 19/19 MP: 2/2
   569 | D:2      | Reached XP level 3. HP: 23/23 MP: 3/3
  1011 | D:2      | Reached XP level 4. HP: 24/28 MP: 4/4
  1606 | D:3      | Reached skill level 1 in Dodging
  1717 | D:3      | Noticed Ijyb
  1723 | D:3      | Killed Ijyb
  1723 | D:3      | Reached XP level 5. HP: 31/33 MP: 5/5
  1830 | D:3      | Found a shadowy altar of Dithmenos.
  1972 | D:4      | Found an ancient bone altar of Kikubaaqudgha.
  2036 | D:4      | Noticed an ogre
  2040 | D:4      | Mangled by an ogre

Skill      XL: |  1  2  3  4  5 |
---------------+----------------+-----
Maces & Flails | 3 4 |  4.0
Dodging        | 1 |  1.0
Shields        | 4 |  4.1
Armour         | 4 |  4.2
Fighting       | |  3.8
Stealth        | |  0.2

Action                   |  1- 3 |  4- 6 || total
-------------------------+-------+-------++-------
Melee: Flail             |   128 |   113 ||   241
  Use: Scroll            |     3 |     6 ||     9
       Potion            |     3 |     1 ||     4
  Eat: Chunk             |     1 |     3 ||     4
Armor: Scale mail        |    88 |    40 ||   128
Dodge: Dodged            |    39 |    29 ||    68
Block: Shield            |    82 |    51 ||   133
